Map: Świat Śniących ER

Players

Dir

  • Race: Zerg Zerg
  • League: Diamond
  • Spawn Location: 7:00

Legol - Winner!

  • Race: Protoss Protoss
  • League: Platinum
  • Spawn Location: 1:00

VOD

Have the link to the VOD?

Description

Time

  • Played on: Jan. 8, 2020, 2:39 p.m.
  • Length: 17:41
Show
View Real Time Build Order
Export as new Build Order

Dir Zerg 

Build Orders: Hatch First 

Get SALT Encoding   

  12  0:01  Drone  
  13  0:08  Drone  
  14  0:16  Overlord  
  14  0:23  Drone, Extractor  
  15  0:35  Drone  
  16  0:50  Hatchery  
  16  0:53  Drone  
  16  0:56  Drone  
  17  1:00  Drone  
  18  1:11  Extractor  
  17  1:16  Spawning Pool  
  17  1:17  Drone  
  17  1:21  Drone  
  18  1:29  Drone  
  19  1:44  Drone  
  20  1:52  Overlord  
  20  2:04  Queen x2  
  20  2:05  Zergling x2  
  20  2:06  Zergling x2  
  26  2:10  Drone  
  27  2:21  Drone  
  28  2:23  Drone  
  28  2:27  Metabolic Boost  
  28  2:29  Drone  
  30  2:40  Drone  
  30  2:42  Hatchery  
  30  2:43  Drone  
  31  2:51  Drone  
  31  2:53  Drone x2  
  31  2:56  Drone  
  35  3:04  Drone  
  36  3:08  Overlord  
  36  3:24  Baneling Nest  
  36  3:25  Drone  
  36  3:27  Queen  
  36  3:28  Overlord x2  
  36  3:30  Drone x2  
  40  3:38  Drone x3  
  43  3:43  Drone  
  44  3:49  Drone x2  
  45  3:59  Zergling x14  
  52  4:06  Queen  
  52  4:09  Lair  
  54  4:22  Evolution Chamber  
  52  4:32  Evolution Chamber  
  52  4:37  Drone x3  
  52  4:38  Drone x2  
  56  4:39  Drone x2  
  56  4:40  Drone  
  59  4:46  Roach Warren  
  59  4:48  Spore Crawler  
  59  4:50  Spore Crawler, Drone  
  59  4:52  Drone  
  58  4:53  Drone x3  
  58  4:54  Zergling x2  
  58  4:55  Zergling x6  
  65  5:02  Baneling x6  
  65  5:03  Zergling x2  
  65  5:06  Overlord x3  
  66  5:17  Zerg Missile Weapons Level 1  
  66  5:26  Spore Crawler  
  64  5:40  Zergling x4, Roach  
  64  5:41  Roach x5  
  73  5:52  Drone x4  
  77  6:00  Drone x2, Extractor  
  77  6:02  Drone x3  
  81  6:05  Drone x3  
  81  6:06  Extractor  
  83  6:11  Extractor  
  83  6:13  Drone x3  
  85  6:23  Roach x2  
  85  6:25  Overlord x4  
  89  6:28  Pneumatized Carapace  
  89  6:44  Overlord x2  
  89  6:45  Roach  
  89  6:46  Zergling x2, Roach x5  
  103  6:47  Zergling x4  
  100  6:58  Roach x5  
  110  7:08  Extractor  
  109  7:10  Extractor  
  108  7:19  Drone x3  
  108  7:20  Drone x3  
  114  7:23  Hatchery, Zerg Ground Armor Level 1  
  114  7:24  Zerg Missile Weapons Level 2  
  113  7:30  Roach x2  
  117  7:38  Zergling x6  
  117  7:39  Zergling x12  
  117  7:43  Overseer  
  126  8:05  Roach x5  
  136  8:07  Hatchery  
  136  8:08  Glial Reconstitution  
  135  8:15  Hydralisk Den, Centrifical Hooks  
  135  8:19  Baneling  
  134  8:20  Baneling x7  
  134  8:22  Zergling x2, Roach  
  134  8:24  Overlord x4  
  134  8:25  Overlord x4  
  137  8:33  Baneling x4  
  137  8:37  Overseer  
  137  8:54  Infestation Pit  
  129  9:24  Roach x4, Hydralisk x12  
  131  9:41  Roach x6  
  127  9:54  Overseer  
  127  10:00  Drone x3  
  127  10:01  Hydralisk x3  
  127  10:02  Roach x2  
  127  10:06  Grooved Spines  
  140  10:25  Extractor  
  140  10:26  Spore Crawler  
  138  10:36  Roach  
  138  10:37  Roach x18  
  158  11:01  Roach  
  158  11:02  Roach x12  
  172  11:04  Ravager x4  
  172  11:05  Ravager  
  172  11:06  Zergling x6  
  172  11:08  Queen  
  177  11:23  Ravager x2  
  145  11:32  Roach x6  
  143  11:33  Zergling x6  
  144  11:53  Hydralisk x4  
  144  11:54  Roach  
  142  11:57  Drone  
  142  11:58  Drone x2  
  116  12:38  Roach x12  
  115  12:48  Roach  
  86  13:06  Hatchery  
  86  13:11  Hydralisk  
  86  13:12  Roach x5, Hydralisk x2  
  101  13:13  Hatchery  
  101  13:16  Hydralisk  
  102  13:20  Muscular Augments  
  102  13:23  Zerg Ground Armor Level 2  
  102  13:51  Drone x4  
  102  13:53  Hydralisk x7  
  116  14:15  Hydralisk x4  
  116  14:16  Hydralisk x3  
  120  14:23  Roach x2  
  114  14:24  Zergling x2  
  115  14:34  Overseer  
  115  15:02  Hydralisk x6  
  127  15:10  Lurker Den  
  127  15:12  Drone  
  127  15:13  Drone, Hatchery  
  127  15:23  Zerg Melee Weapons Level 1  
  127  15:43  Drone x6  
  127  15:44  Drone  
  127  15:46  Hydralisk x4  
  142  15:53  Hive  
  142  16:02  Queen  
  144  16:08  Hydralisk  
  144  16:09  Hydralisk x2  
  150  16:17  Overlord x3  
  150  16:19  Zergling x2  
  150  16:20  Zergling x2  
  149  16:53  Roach  
  149  16:54  Zergling x2, Roach x14  
  143  16:55  Zergling x2  
  111  17:04  Roach x4  
Show
View Real Time Build Order
Export as new Build Order

Legol Protoss - Winner!

Build Orders: 1 Gate Expand 

Get SALT Encoding   

  12  0:01  Probe  
  13  0:17  Probe  
  14  0:23  Pylon  
  14  0:29  Probe  
  15  0:41  Probe (Chrono Boost)  
  16  0:47  Gateway  
  16  0:53  Probe (Chrono Boost)  
  17  0:59  Assimilator  
  17  1:00  Probe (Chrono Boost)  
  18  1:08  Probe  
  19  1:20  Probe  
  20  1:31  Nexus  
  20  1:32  Probe  
  21  1:43  Cybernetics Core  
  21  1:49  Probe  
  22  1:57  Pylon  
  22  2:01  Probe  
  23  2:08  Gateway  
  23  2:15  Probe  
  23  2:19  Assimilator  
  23  2:22  Warp Gate  
  24  2:25  Adept (Chrono Boost)  
  24  2:28  Probe  
  26  2:45  Probe x2  
  28  2:54  Adept  
  28  2:57  Probe  
  28  2:58  Probe  
  32  3:03  Pylon  
  32  3:09  Adept  
  32  3:10  Probe (Chrono Boost)  
  36  3:13  Probe (Chrono Boost)  
  37  3:20  Pylon  
  37  3:21  Probe (Chrono Boost)  
  37  3:23  Pylon, Probe (Chrono Boost)  
  38  3:29  Probe (Chrono Boost)  
  38  3:31  Probe (Chrono Boost)  
  40  3:37  Probe  
  40  3:40  Probe  
  42  3:42  Robotics Facility  
  42  3:56  Stalker (Chrono Boost)  
  42  3:58  Sentry (Chrono Boost)  
  42  4:02  Probe x2  
  48  4:14  Probe x2, Assimilator  
  50  4:17  Assimilator  
  50  4:20  Pylon  
  50  4:26  Probe x2  
  48  4:37  Gateway  
  48  4:38  Probe x2  
  50  4:40  Gateway  
  50  4:42  Gateway  
  50  4:44  Stalker x2, Gateway  
  54  4:58  Robotics Bay, Probe x2  
  56  5:10  Immortal  
  56  5:12  Stalker x2  
  64  5:32  Nexus  
  64  5:39  Stalker x2  
  64  5:40  Stalker x2  
  64  5:47  Sentry  
  64  5:48  Sentry  
  68  5:54  Immortal (Chrono Boost)  
  72  6:00  Extended Thermal Lance  
  72  6:12  Pylon  
  72  6:17  Stalker x3  
  78  6:31  Pylon  
  78  6:33  Pylon  
  78  6:37  Pylon  
  82  6:41  Colossus (Chrono Boost)  
  82  6:42  Forge  
  84  6:49  Shield Battery  
  84  6:51  Adept  
  86  7:00  Probe  
  86  7:01  Protoss Ground Weapons Level 1 (Chrono Boost), Probe x2  
  89  7:05  Stalker x4  
  97  7:13  Probe x3  
  100  7:19  Pylon  
  100  7:21  Photon Cannon  
  100  7:26  Probe (Chrono Boost)  
  100  7:27  Probe (Chrono Boost)  
  100  7:28  Probe (Chrono Boost)  
  103  7:35  Colossus (Chrono Boost)  
  103  7:36  Pylon  
  103  7:38  Probe (Chrono Boost)  
  112  7:44  Probe x2 (Chrono Boost)  
  112  7:58  Robotics Facility  
  112  8:00  Pylon, Stalker x3  
  112  8:02  Pylon  
  112  8:04  Pylon  
  118  8:06  Probe x3  
  118  8:11  Assimilator  
  121  8:18  Probe x3, Photon Cannon  
  124  8:25  Forge  
  124  8:30  Zealot x6  
  136  8:38  Gateway  
  136  8:41  Gateway  
  136  8:52  Warp Prism  
  136  8:53  Colossus  
  141  9:24  Zealot x3  
  141  9:25  Zealot x2  
  149  9:32  Colossus  
  145  9:46  Colossus  
  145  9:47  Zealot x2  
  145  9:48  Zealot x4  
  145  9:49  Zealot  
  165  10:03  Cybernetics Core  
  165  10:05  Gateway  
  165  10:06  Gateway  
  165  10:08  Gateway  
  165  10:23  Protoss Ground Armor Level 1 (Chrono Boost)  
  165  10:25  Pylon  
  165  10:27  Pylon  
  165  10:29  Pylon  
  163  11:10  Zealot x5  
  163  11:11  Zealot x3  
  117  11:35  Colossus x2 (Chrono Boost), Stalker x4  
  117  11:36  Stalker  
  129  11:45  Stalker x5  
  123  12:05  Twilight Council  
  123  12:09  Zealot x4  
  123  12:10  Zealot x5  
  123  12:11  Zealot  
  121  12:30  Stalker  
  121  12:31  Stalker x5  
  121  12:32  Stalker  
  111  12:50  Colossus  
  111  12:51  Colossus  
  107  13:02  Templar Archives  
  107  13:10  Sentry x4  
  107  13:12  Nexus  
  115  13:14  Assimilator  
  115  13:17  Assimilator  
  115  13:20  Zealot x3  
  115  13:21  Zealot  
  115  13:22  Pylon  
  115  13:24  Pylon  
  123  13:27  Pylon  
  123  13:34  Protoss Ground Weapons Level 2 (Chrono Boost)  
  123  13:38  Charge (Chrono Boost)  
  123  13:40  Protoss Ground Armor Level 2 (Chrono Boost)  
  123  13:41  Gateway  
  123  13:42  Gateway  
  123  13:45  Gateway  
  123  13:47  Gateway  
  123  14:02  Zealot x6  
  134  14:03  Zealot  
  128  14:19  Psionic Storm  
  128  14:24  Stalker  
  128  14:25  Stalker x4  
  138  14:35  High Templar x3  
  144  14:42  Probe  
  144  14:43  Probe x3  
  148  14:53  Photon Cannon  
  148  14:56  Photon Cannon  
  148  14:59  Warp Prism (Chrono Boost)  
  150  15:12  Observer (Chrono Boost)  
  151  15:27  Zealot x4  
  151  15:28  Zealot x3  
  165  15:46  Observer (Chrono Boost)  
  166  15:52  High Templar  
  166  15:53  High Templar x5  
  166  15:54  High Templar x2  
  166  15:56  Archon  
  182  15:57  Archon x2  
  182  15:58  Archon  
  182  16:23  Stalker x4  
  190  16:29  Zealot x3  
  190  16:30  Zealot x2  
  162  17:03  Stalker x2  
  162  17:04  Stalker x7  
  162  17:05  Stalker x2  
Tags
 
Add a new tag
Caveats
  • Supply blocks, unpowered buildings, or Contaminate may cause inaccurate times.
  • Supply counts are checked every 10 seconds.